 Dungeon Crawl Stone Soup version 0.24-a0-699-g5a66b1aa3b (webtiles) character file.

Game seed: 2942544482872712856, levelgen mode: deterministic

1961 Marnok the Cutter (level 9, 0/142 HPs)
             Began as a Troll Berserker on Sept 29, 2019.
             Was an Elder of Trog.
             Killed from afar by Joseph (18 damage)
             ... with a bolt of acid
             ... on level 7 of the Dungeon.
             The game lasted 00:24:23 (5503 turns).

Marnok the Cutter (Troll Berserker)                 Turns: 5503, Time: 00:24:24

Health: 0/142      AC: -1    Str: 35    XL:     9   Next: 0%
Magic:  8/8        EV: 12    Int:  3    God:    Trog [****..]
Gold:   168        SH:  0    Dex:  9    Spells: 8/8 levels left

rFire    + . .     SeeInvis .   e - +5 short sword (holy)
rCold    + . .     Gourm    +   (no shield)
rNeg     . . .     Faith    .   a - +1 animal skin
rPois    .         Spirit   .   (helmet restricted)
rElec    .         Reflect  .   (no cloak)
rCorr    .         Harm     .   (gloves unavailable)
MR       .....                  (boots unavailable)
Stlth    ..........             (no amulet)
HPRegen  0.73/turn              (no ring)
MPRegen  0.11/turn              x - ring of protection from cold

@: mighty, berserking, corroded, very quick
A: large, unfitting armour, claws 3, fire resistance 1, fast metabolism 3,
gourmand, sense surroundings 1, regeneration 1, robust 1, shaggy fur 1, tough
skin 3
a: Berserk, Trog's Hand, Brothers in Arms, Renounce Religion


You were on level 7 of the Dungeon.
You worshipped Trog.
Trog was greatly pleased with you.
You were not hungry.

You visited 1 branch of the dungeon, and saw 7 of its levels.

You collected 278 gold pieces.
You spent 110 gold pieces at shops.

Inventory:

Hand Weapons
 e - a +5 short sword of holy wrath (weapon)
 g - a +2 dagger of electrocution
 h - a +2 short sword of flaming
 j - a +0 falchion of distortion
 k - a +1 mace of holy wrath
 p - a +2 dagger of venom
 s - a +0 flail of holy wrath
 t - a +1 dagger of speed
 w - a +4 great mace
Armour
 a - a +1 animal skin (worn)
Jewellery
 r - a +4 ring of dexterity {unknown}
 x - a ring of protection from cold (right claw)
Wands
 c - a wand of random effects (13)
 v - a wand of flame (13)
Scrolls
 d - a scroll of noise
 i - 5 scrolls of magic mapping
 l - 6 scrolls of remove curse
 q - 2 scrolls of teleportation
 y - a scroll of blinking {unknown}
 A - a scroll of summoning {unknown}
Potions
 f - 2 potions of brilliance
 m - 2 potions of lignification
 z - 2 potions of curing
Comestibles
 b - 11 rations


   Skills:
 + Level 4.9 Fighting
 + Level 6.6 Short Blades
 + Level 5.7 Dodging
 + Level 1.2 Stealth
 + Level 3.3 Unarmed Combat


You had 8 spell levels left.
You didn't know any spells.
Your spell library was empty.

Dungeon Overview and Level Annotations

Branches:
Dungeon (7/15)             Temple (0/1) D:6

Altars:
Ashenzari
Dithmenos
Fedhas
Makhleb
Uskayaw

Shops:
D:4 !

Annotations:
D:7 Joseph


Innate Abilities, Weirdness & Mutations

You are too large for most types of armour.
You have claws for hands.
Your metabolism is lightning-fast.
You like to eat raw meat.
Your natural rate of healing is unusually fast.
You are covered in fur. (AC +1)
You have extremely tough skin. (AC +3)
Your flesh is heat resistant. (rF+)
You passively map a small area around you.
You are robust. (+10% HP)


Message History

The acid corrodes you!
You are splashed with acid!
You feel very mighty all of a sudden.
Joseph tries to grin evilly.
Joseph hits you with a +0 quarterstaff!
* * * LOW HITPOINT WARNING * * *
A red film seems to cover your vision as you go berserk!
You feel yourself moving faster!
You feel mighty! The ogre barely misses you.
Joseph says, "I'm happy to see you. And I'll be happy to kill you."
Joseph hits you with a +0 quarterstaff.
* * * LOW HITPOINT WARNING * * *
You puncture Joseph!
Joseph is lightly wounded.
The ogre hits you with a +0 giant club!
* * * LOW HITPOINT WARNING * * *
You impale Joseph!!
Joseph is heavily wounded.
You barely miss Joseph.
Joseph is heavily wounded.
Joseph zaps a wand.
The bolt of acid hits you!!
You die...

, , ,, ,, , , ,
, ,* * , *,
####* ,,
######...## , ,
> #<......... ,
+.......... , ,
, #..(.......
**
,,**#..@##...##
* , * *#.O@#*
### , ,, ,
......+, , ,
........# , ,
........# ,, ,
,........#
........# ,
..##.##.# , * *
,


You could see Joseph and an ogre.

Vanquished Creatures
  Sigmund (D:3)
  Edmund (D:4)
  Duvessa (D:4)
  2 ice beasts
  3 ogres
  The ghost of opiumtea the Caller, an amateur MfSu (D:4)
  2 big kobolds (D:4)
  Blork the orc (D:4)
  2 bullfrogs (D:6)
  Dowan (D:4)
  A water moccasin skeleton (D:3)
  A howler monkey (D:4)
  A quasit (D:6)
  A hound (D:4)
  An iguana (D:6)
  5 worker ants
  Ijyb (D:3)
  Natasha (thrice) (D:3)
  Terence (D:2)
  A hound zombie (D:6)
  A worker ant zombie (D:6)
  Robin (D:3)
  4 gnolls
  10 adders
  A shadow imp (D:5)
  An adder zombie (D:5)
  4 worms
  2 dart slugs
  3 leopard geckos
  5 orcs (D:3)
  A ball python (D:3)
  A giant cockroach (D:3)
  14 goblins
  9 hobgoblins
  6 jackals
  4 quokkas
  12 bats
  4 frilled lizards
  10 kobolds
  A quokka zombie (D:6)
  16 rats
141 creatures vanquished.

Notes
Turn   | Place    | Note
-------+----------+-------------------------------------------
     0 | D:1      | Marnok the Troll Berserker began the quest for the Orb.
     0 | D:1      | Reached XP level 1. HP: 22/22 MP: 0/0
   331 | D:2      | Noticed a worker ant
   351 | D:1      | Reached XP level 2. HP: 17/29 MP: 1/1
   429 | D:1      | Reached ** piety under Trog
   437 | D:1      | Reached XP level 3. HP: 37/37 MP: 2/2
   974 | D:2      | Reached skill level 1 in Short Blades
   974 | D:2      | Reached XP level 4. HP: 31/45 MP: 3/3
  1204 | D:3      | Found a shadowy altar of Dithmenos.
  1209 | D:3      | Noticed Natasha
  1213 | D:3      | Killed Natasha
  1233 | D:3      | Noticed Sigmund
  1241 | D:2      | Reached skill level 2 in Short Blades
  1241 | D:2      | Reached XP level 5. HP: 38/53 MP: 4/4
  1506 | D:2      | Noticed Terence
  1516 | D:2      | Killed Terence
  1521 | D:2      | Reached *** piety under Trog
  1679 | D:3      | Found a faded altar of an unknown god.
  1692 | D:3      | Noticed Robin
  1699 | D:3      | Noticed Natasha
  1706 | D:3      | Killed Robin
  1721 | D:3      | Killed Natasha
  1757 | D:3      | Gained mutation: You are robust. (+10% HP) [potion of
                  | mutation]
  1757 | D:3      | Gained mutation: Your flesh is heat resistant. (rF+)
                  | [potion of mutation]
  1757 | D:3      | Gained mutation: You passively map a small area around you.
                  | [potion of mutation]
  1918 | D:3      | Reached XP level 6. HP: 61/67 MP: 5/5
  1929 | D:3      | Found a burning altar of Makhleb.
  2039 | D:3      | Reached skill level 3 in Short Blades
  2144 | D:3      | Killed Sigmund
  2332 | D:3      | Noticed Natasha
  2343 | D:3      | Killed Natasha
  2343 | D:3      | Reached **** piety under Trog
  2379 | D:3      | Noticed Ijyb
  2383 | D:3      | Paralysed by Ijyb for 6 turns
  2397 | D:3      | Paralysed by Ijyb for 2 turns
  2403 | D:3      | Killed Ijyb
  2403 | D:3      | Reached XP level 7. HP: 71/74 MP: 6/6
  2472 | D:4      | Noticed Blork the orc
  2490 | D:4      | Killed Blork the orc
  2516 | D:4      | Found a blossoming altar of Fedhas.
  2647 | D:4      | Found a shattered altar of Ashenzari.
  2704 | D:4      | Found Xebobluc's Distillery.
  2714 | D:4      | Reached skill level 4 in Short Blades
  2733 | D:4      | Bought a potion of heal wounds for 50 gold pieces
  2733 | D:4      | Bought 2 potions of curing for 60 gold pieces
  2911 | D:5      | Entered Level 5 of the Dungeon
  2960 | D:4      | Noticed Edmund
  2976 | D:4      | Killed Edmund
  3213 | D:4      | Noticed opiumtea's ghost (amateur MfSu)
  3214 | D:4      | Found a transporter.
  3218 | D:4      | Found a transporter.
  3228 | D:4      | Noticed Duvessa
  3229 | D:4      | Noticed Dowan
  3253 | D:4      | Killed Dowan
  3260 | D:4      | Killed Duvessa
  3260 | D:4      | Reached skill level 5 in Short Blades
  3260 | D:4      | Reached skill level 1 in Stealth
  3260 | D:4      | Reached XP level 8. HP: 21/85 MP: 7/7
  3757 | D:4      | Reached skill level 5 in Dodging
  3775 | D:4      | Killed opiumtea's ghost
  3878 | D:5      | Found a hide-covered altar of Uskayaw.
  4201 | D:5      | Reached skill level 6 in Short Blades
  4584 | D:6      | Found a staircase to the Ecumenical Temple.
  5183 | D:6      | Reached XP level 9. HP: 82/95 MP: 8/8
  5493 | D:7      | Noticed Joseph
  5503 | D:7      | Killed from afar by Joseph

Levels and vault maps discovered:
D:1:      dpeg_arrival_signposts, layout_loops_cross
D:2:      layout_rooms, first_ration, uniq_terence
D:3:      layout_rooms, makhleb_altar_promises_db,
          chequers_ecumenical_altar_twisty, grunt_dithmenos_smoke_and_mirrors,
          uniq_ijyb, uniq_robin, uniq_sigmund, uniq_natasha
D:4:      cheibrodos_thug_alley, layout_loops_corners, lemuel_round_altar,
          nicolae_overflow_crystal_walls, gammafunk_ghost_smash, serial_shops,
          shop, uniq_edmund, uniq_blork_the_orc, uniq_duvessa
D:5:      layout_basic, basic_altar, chequers_serial_rivers_small_b
D:6:      layout_gridville, minmay_temple_entry_mist, grunt_ministairs_9,
          chequers_serial_rivers_marsh, minmay_fractal_squares_diagonal_5
D:7:      layout_gridville, lemuel_round_altar, minmay_strange_pillars, tgw_sif,
          uniq_menkaure, uniq_joseph, uniq_harold

Skill      XL: |  1  2  3  4  5  6  7  8 |
---------------+-------------------------+-----
Fighting       | 3 4 |  4.9
Short Blades   | 1 2 3 5 6 |  6.6
Dodging        | 3 4 5 |  5.7
Stealth        | 1 |  1.2
Unarmed Combat | |  3.3

Action                   |  1- 3 |  4- 6 |  7- 9 || total
-------------------------+-------+-------+-------++-------
Melee: Short sword       |   115 |   214 |   273 ||   602
       Unarmed           |    10 |       |       ||    10
       Punch             |     1 |     1 |     6 ||     8
Invok: Berserk           |       |     1 |     3 ||     4
  Use: Potion            |       |     9 |     6 ||    15
       Scroll            |       |     8 |     6 ||    14
 Stab: Sleeping          |     1 |       |     1 ||     2
  Eat: Chunk             |    11 |    18 |    20 ||    49
       Ration            |       |       |     2 ||     2
Armor: Animal skin       |    52 |    69 |    79 ||   200
Dodge: Dodged            |   100 |   132 |   150 ||   382

Table legend:
 A = Non-vault XP
 B = Vault XP
 C = Vault XP percentage of total XP
 D = Non-vault monster count
 E = Vault monster count
 F = Vault count percentage of total count
                 A         B        C        D         E       F
            +---------+---------+-------+---------+---------+-------
      Total |    1276 |    1526 |  54.5 |     107 |      34 |  24.1
            +---------+---------+-------+---------+---------+-------
        D:1 |      71 |       0 |   0.0 |      30 |       0 |   0.0
        D:2 |     128 |      30 |  19.0 |      25 |       1 |   3.8
        D:3 |     190 |     326 |  63.2 |      25 |      15 |  37.5
        D:4 |     188 |    1004 |  84.2 |       6 |      15 |  71.4
        D:5 |     170 |       0 |   0.0 |       7 |       0 |   0.0
        D:6 |     529 |     166 |  23.9 |      14 |       3 |  17.6
            +---------+---------+-------+---------+---------+-------
